[Event "January 2 Early 2024"]
[Site "https://www.chess.com"]
[Date "2024.01.02"]
[Round "1"]
[White "Gontcharov, Vladislav"]
[Black "Peiris, T G M"]
[Result "1-0"]
[Board "203"]
[TimeControl "180+1"]
[WhiteFideId "4123492"]
[BlackFideId "9901310"]
[WhiteElo "2649"]
[BlackElo "2303"]
[WhiteTeam "RUS"]
[BlackTeam "SRI"]
[WhiteClock "0:00:18"]
[BlackClock "0:00:00"]

1. e4 e6 2. d4 d5 3. Nc3 a6 4. Nf3 Nf6 5. e5 Nfd7 6. Ne2 c5 7. c3 Nc6 8. a3 cxd4 9. cxd4 f6 10. exf6 Nxf6 11. Ng3 Bd6 12. Bd3 O-O 13. O-O e5 14. dxe5 Nxe5 15. Nxe5 Bxe5 16. Re1 Bd6 17. Bg5 Qb6 18. Be3 Bc5 19. Bxc5 Qxc5 20. b4 Qb6 21. h3 Ne4 22. Bxe4 Qxf2+ 23. Kh2 dxe4 24. Qd5+ Kh8 25. Rf1 e3 26. Rxf2 exf2 27. Rf1 1-0

[Event "January 2 Early 2024"]
[Site "https://www.chess.com"]
[Date "2024.01.02"]
[Round "1"]
[White "Cina`, Vittorio"]
[Black "Hansen, Sune Berg"]
[Result "0-1"]
[Board "204"]
[TimeControl "180+1"]
[WhiteFideId "2849033"]
[BlackFideId "1400266"]
[WhiteElo "2301"]
[BlackElo "2646"]
[WhiteTeam "ITA"]
[BlackTeam "DEN"]
[WhiteClock "0:00:00"]
[BlackClock "0:00:55"]

1. Nf3 Nf6 2. g3 g6 3. Bg2 Bg7 4. O-O O-O 5. c4 d6 6. Nc3 e5 7. d3 Nc6 8. Rb1 a5 9. a3 h6 10. b4 axb4 11. axb4 Be6 12. Nd2 Rb8 13. b5 Ne7 14. Ba3 Qd7 15. c5 dxc5 16. Bxc5 b6 17. Bb4 Rfe8 18. Nc4 Nfd5 19. Nxd5 Nxd5 20. Ba3 Bh3 21. Qd2 Bxg2 22. Kxg2 Rbd8 23. Bb2 h5 24. Qg5 Qe6 25. e4 Nb4 26. Rfd1 Rxd3 27. Ne3 Bf6 28. Qh6 Rxd1 29. Rxd1 Qb3 30. Ba1 Bg7 31. Qg5 Nc2 32. Nxc2 Qxc2 33. Rd7 Qxe4+ 34. f3 Qe2+ 35. Kh3 Qxb5 36. Rxc7 Qf1+ 37. Kh4 Qxf3 38. h3 Bf6 39. Bxe5 Qe4+ 0-1

[Event "January 2 Early 2024"]
[Site "https://www.chess.com"]
[Date "2024.01.02"]
[Round "1"]
[White "Vasilevich, Tatjana"]
[Black "Fernandez Siles, Luis"]
[Result "0-1"]
[Board "205"]
[TimeControl "180+1"]
[WhiteFideId "14101610"]
[BlackFideId "2209420"]
[WhiteElo "2646"]
[BlackElo "2297"]
[WhiteTeam "RUS"]
[BlackTeam "ESP"]
[WhiteClock "0:01:48"]
[BlackClock "0:00:40"]

1. d4 Nf6 2. c4 g6 3. Nc3 Bg7 4. e4 d6 5. f4 O-O 6. Nf3 c5 7. d5 e6 8. Bd3 exd5 9. cxd5 Bg4 10. O-O Nbd7 11. h3 Bxf3 12. Qxf3 Ne8 13. a4 a6 14. Be3 Nc7 15. Qe2 Re8 16. g4 Nf6 17. g5 Nfxd5 18. Nxd5 Nxd5 19. Bd2 Bxb2 20. Rab1 Bd4+ 21. Kh2 Nb4 22. Bxb4 cxb4 23. Rxb4 Bc5 24. Rxb7 Re7 25. Rfb1 Rxb7 26. Rxb7 Ra7 27. Rxa7 Bxa7 28. Bxa6 Qb6 29. Qf1 Qb4 30. Bc4 Qxa4 31. Qd3 Qc6 32. Qd5 0-1

[Event "January 2 Early 2024"]
[Site "https://www.chess.com"]
[Date "2024.01.02"]
[Round "1"]
[White "Martin, Lewis"]
[Black "Domingo Nunez, Alejandro"]
[Result "0-1"]
[Board "206"]
[TimeControl "180+1"]
[WhiteFideId "410551"]
[BlackFideId "22245561"]
[WhiteElo "2297"]
[BlackElo "2645"]
[WhiteTeam "ENG"]
[BlackTeam "ESP"]
[WhiteClock "0:00:01"]
[BlackClock "0:00:06"]

1. c4 g6 2. g3 Bg7 3. Bg2 Nf6 4. Nf3 O-O 5. Nc3 d6 6. O-O Nbd7 7. e4 c5 8. d3 Rb8 9. a3 a6 10. Rb1 Ne8 11. Bd2 Nc7 12. b4 b6 13. Qe2 Bb7 14. Rfc1 Ne6 15. Nd5 Ba8 16. bxc5 bxc5 17. Rxb8 Nxb8 18. Bc3 Nc6 19. Bxg7 Kxg7 20. Qb2+ Ned4 21. Rb1 e5 22. Nxd4 Nxd4 23. Qb6 Bxd5 24. exd5 a5 25. Qxd8 Rxd8 26. Rb7 Nc2 27. Ra7 Nxa3 28. Rxa5 Nc2 29. Ra7 Rb8 30. Be4 Rb6 31. g4 h6 32. h4 Nd4 33. g5 h5 34. Kg2 Ne2 35. Kf3 Nf4 36. Rd7 Kf8 37. Ke3 Ke8 38. Ra7 Rb8 39. Ra6 Rd8 40. Ra7 Rd7 41. Ra8+ Ke7 42. Bf3 f6 43. gxf6+ Kxf6 44. Be4 g5 45. hxg5+ Kxg5 46. Rg8+ Kf6 47. Rh8 Rg7 48. Bf3 Kg5 49. Rd8 Rg6 50. Rh8 Rh6 51. Rg8+ Rg6 52. Rh8 h4 53. Rh7 h3 54. Be4 Rh6 55. Rg7+ Kf6 56. Rg1 h2 57. Rh1 Rh3+ 58. Kd2 Kg5 59. Ke1 Kg4 60. Kf1 Nxd3 61. f3+ Kg3 62. Bxd3 Kxf3 63. Be2+ Kg3 64. Bd3 Rh4 65. Bf5 Rf4+ 66. Ke2 Rxf5 67. Ke3 Kg2 68. Rxh2+ Kxh2 69. Ke4 Rf4+ 0-1

[Event "January 2 Early 2024"]
[Site "https://www.chess.com"]
[Date "2024.01.02"]
[Round "1"]
[White "Koshulyan, Egor A."]
[Black "Alonso Garcia, Rene Marcial"]
[Result "1-0"]
[Board "207"]
[TimeControl "180+1"]
[WhiteFideId "24237000"]
[BlackFideId "3500276"]
[WhiteElo "2644"]
[BlackElo "2294"]
[WhiteTeam "RUS"]
[BlackTeam "FID"]
[WhiteClock "0:00:08"]
[BlackClock "0:00:00"]

1. e4 c5 2. Nf3 d6 3. d4 cxd4 4. Qxd4 a6 5. Be3 Nd7 6. Nc3 e6 7. O-O-O Ngf6 8. e5 dxe5 9. Nxe5 Qc7 10. Nxd7 Bxd7 11. Be2 Bc6 12. Bf4 Qa5 13. Kb1 Be7 14. Rhg1 O-O 15. Bd3 Rad8 16. Qe3 Rd7 17. g4 Rfd8 18. g5 Nd5 19. Nxd5 Bxd5 20. b3 Bf8 21. Be5 Qc5 22. Qh3 Be4 23. Bb2 Bxd3 24. cxd3 Qxf2 25. Rgf1 Qc5 26. d4 Qb5 27. Ka1 a5 28. a4 Qe2 29. Rde1 Qc2 30. Rc1 Qg6 31. Rce1 Bb4 32. Re5 Rc8 33. Qg4 Rdc7 34. h4 Bc3 35. Re2 Bxb2+ 36. Rxb2 Rc2 37. h5 Qd3 38. Qf4 Qf5 39. Qxf5 exf5 40. Rxc2 Rxc2 41. Rxf5 Rd2 42. Rxa5 f6 43. g6 hxg6 44. hxg6 Kf8 45. Ra8+ Ke7 46. Rb8 Rxd4 47. Rxb7+ Ke6 48. Rxg7 Rg4 49. Kb2 f5 50. a5 f4 51. Rg8 f3 52. Rf8 Rxg6 53. Rxf3 Kd7 54. Rc3 Rg4 55. Ka3 Rg1 56. b4 1-0

[Event "January 2 Early 2024"]
[Site "https://www.chess.com"]
[Date "2024.01.02"]
[Round "1"]
[White "Blokhin, Sofia"]
[Black "Volkov, Maksim"]
[Result "0-1"]
[Board "208"]
[TimeControl "180+1"]
[WhiteFideId "4508190"]
[BlackFideId "54123070"]
[WhiteElo "2293"]
[BlackElo "2644"]
[WhiteTeam "EST"]
[BlackTeam "RUS"]
[WhiteClock "0:00:05"]
[BlackClock "0:00:59"]

1. d4 d5 2. c4 e6 3. Nc3 c6 4. e3 Nf6 5. Nf3 Nbd7 6. Bd3 dxc4 7. Bxc4 b5 8. Bd3 Bd6 9. O-O O-O 10. e4 e5 11. Bg5 h6 12. Bh4 Re8 13. d5 cxd5 14. Nxd5 a6 15. Bc2 Bb7 16. Ne3 Bf8 17. Nf5 g6 18. Ne3 Qb6 19. Qe2 Nxe4 20. Rfd1 Nd6 21. Rac1 Rac8 22. Ng4 Rc4 23. h3 h5 24. Ngxe5 Nxe5 25. Nxe5 Rxh4 26. g3 Rxh3 0-1

[Event "January 2 Early 2024"]
[Site "https://www.chess.com"]
[Date "2024.01.02"]
[Round "1"]
[White "Timerkhanov, Alexander"]
[Black "Filippova, Margarita"]
[Result "1-0"]
[Board "209"]
[TimeControl "180+1"]
[WhiteFideId "24177938"]
[BlackFideId "34199680"]
[WhiteElo "2643"]
[BlackElo "2292"]
[WhiteTeam "RUS"]
[BlackTeam "RUS"]
[WhiteClock "0:00:21"]
[BlackClock "0:00:02"]

1. d4 d5 2. c4 e6 3. Nc3 Nf6 4. Bg5 Be7 5. e3 h6 6. Bh4 O-O 7. Nf3 Nbd7 8. cxd5 exd5 9. Bd3 c6 10. Qc2 Re8 11. Bg3 Nh5 12. Be5 Nxe5 13. Nxe5 Bd6 14. Nxf7 Kxf7 15. Bg6+ Kg8 16. Bxh5 Rf8 17. Bf3 Bf5 18. Qe2 Qf6 19. O-O Rae8 20. Bg4 Qh4 21. h3 Bg6 22. g3 Qf6 23. Rae1 Be4 24. Nxe4 dxe4 25. Kg2 g6 26. f3 exf3+ 27. Rxf3 Qg5 28. h4 Qd5 29. Qd3 Kg7 30. e4 Rxf3 31. Bxf3 Qxa2 32. Re2 Qe6 33. e5 Be7 34. Qe4 Rd8 35. h5 Qf5 36. hxg6 Qxg6 37. Qe3 Bg5 38. Qc3 Qe6 39. d5 cxd5 40. Qd4 Rd7 41. Bg4 Qc6 42. Bxd7 Qxd7 43. e6+ Bf6 44. Qxf6+ Kxf6 45. exd7 1-0

[Event "January 2 Early 2024"]
[Site "https://www.chess.com"]
[Date "2024.01.02"]
[Round "1"]
[White "Ivanova, Karina"]
[Black "Kuzhylnyi, Oleksandr"]
[Result "0-1"]
[Board "210"]
[TimeControl "180+1"]
[WhiteFideId "24139750"]
[BlackFideId "34110500"]
[WhiteElo "2291"]
[BlackElo "2637"]
[WhiteTeam "RUS"]
[BlackTeam "UKR"]
[WhiteClock "0:00:07"]
[BlackClock "0:00:14"]

1. d4 g6 2. Nf3 Bg7 3. c4 d6 4. Nc3 Nd7 5. g3 c6 6. Bg2 e5 7. e4 Ngf6 8. O-O O-O 9. h3 Qe7 10. Be3 Re8 11. Re1 b6 12. Qc2 Bb7 13. Rad1 h6 14. b4 exd4 15. Nxd4 a6 16. a4 c5 17. bxc5 bxc5 18. Nb3 Ne5 19. Na5 Rab8 20. Nxb7 Rxb7 21. Nd5 Nxd5 22. Rxd5 Rb4 23. Qc1 Rxc4 24. Qd2 Kh7 25. Rxd6 Rxa4 26. Bxc5 Qc7 27. Qd5 Ra5 28. Rc1 Nd3 29. Qxd3 Rxc5 30. Rxc5 Qxc5 31. Rxa6 Bd4 32. Ra2 Re6 33. Rd2 Rd6 34. Kh2 Kg7 35. Qc2 Qb6 36. Re2 h5 37. h4 Rf6 38. f4 Rc6 39. e5 Rxc2 40. Rxc2 Qb1 41. Be4 Qg1+ 42. Kh3 Bf2 43. Re2 Qxg3# 0-1

[Event "January 2 Early 2024"]
[Site "https://www.chess.com"]
[Date "2024.01.02"]
[Round "1"]
[White "CamillaEffect"]
[Black "SkinnyPuppy8"]
[Result "1-0"]
[Board "211"]
[TimeControl "180+1"]
[WhiteElo "2634"]
[BlackElo "2289"]
[WhiteClock "0:00:05"]
[BlackClock "0:00:06"]

1. e4 d5 2. exd5 Nf6 3. d4 Bg4 4. Nf3 Qxd5 5. Be2 e6 6. c4 Bb4+ 7. Nc3 Bxc3+ 8. bxc3 Qd6 9. h3 Bh5 10. a4 Nbd7 11. O-O b6 12. a5 O-O 13. Qb3 c5 14. Rd1 Rfd8 15. Bg5 Qc7 16. Bh4 h6 17. d5 Bxf3 18. Bxf3 Ne5 19. Be2 exd5 20. Bxf6 gxf6 21. cxd5 c4 22. Qc2 Qc5 23. Qf5 Kg7 24. Bf3 b5 25. d6 Rab8 26. Rd5 Qc8 27. Rxe5 fxe5 28. Qxe5+ f6 29. Qe7+ Kh8 30. Qxf6+ Kh7 31. Be4+ Kg8 32. Qg6+ Kf8 33. Qxh6+ Kf7 34. Qh7+ Kf6 35. Qe7# 1-0

[Event "January 2 Early 2024"]
[Site "https://www.chess.com"]
[Date "2024.01.02"]
[Round "1"]
[White "Romero Ruscalleda, Josep"]
[Black "RobertDowneyJr0111"]
[Result "0-1"]
[Board "212"]
[TimeControl "180+1"]
[WhiteFideId "2231859"]
[WhiteElo "2285"]
[BlackElo "2633"]
[WhiteTeam "ESP"]
[WhiteClock "0:01:01"]
[BlackClock "0:00:56"]

1. e4 c6 2. Nc3 d5 3. Nf3 Bg4 4. h3 Bxf3 5. Qxf3 e6 6. d3 Nf6 7. Bd2 Nbd7 8. g3 Qb6 9. Rb1 d4 10. Ne2 e5 11. Bg2 Qa6 12. Nc1 Qa4 13. b3 Qa3 14. O-O Bb4 15. Qe2 Bxd2 16. Qxd2 Qd6 17. f4 O-O-O 18. b4 Kb8 19. Nb3 Nh5 20. Kh2 exf4 21. gxf4 g5 22. e5 Qe7 23. Nxd4 Nxf4 24. Rbe1 Nxe5 25. Nf5 Qf6 26. Ng3 Rhe8 27. Ne4 Qh6 28. Nxg5 Qxg5 29. Qxf4 Qxf4+ 30. Rxf4 Nf3+ 31. Rxf3 Rxe1 32. Rxf7 h6 0-1

[Event "January 2 Early 2024"]
[Site "https://www.chess.com"]
[Date "2024.01.02"]
[Round "1"]
[White "Papasimakopoulos, Alexandros"]
[Black "Onslow, Alfie"]
[Result "1-0"]
[Board "213"]
[TimeControl "180+1"]
[WhiteFideId "4244125"]
[BlackFideId "436976"]
[WhiteElo "2632"]
[BlackElo "2285"]
[WhiteTeam "GRE"]
[BlackTeam "ENG"]
[WhiteClock "0:00:41"]
[BlackClock "0:00:03"]

1. d4 Nf6 2. c4 c5 3. d5 b5 4. Nf3 g6 5. a4 Qa5+ 6. Bd2 b4 7. b3 Bg7 8. Ra2 O-O 9. g3 e6 10. dxe6 fxe6 11. Bg2 Bb7 12. O-O Nc6 13. Bf4 d5 14. cxd5 exd5 15. Ne5 Rad8 16. Nxc6 Bxc6 17. Nd2 Qa6 18. Rc2 c4 19. bxc4 Bxa4 20. Ra2 Bxd1 21. Rxa6 Bxe2 22. Re1 Bxc4 23. Rxa7 Rf7 24. Rea1 b3 25. Rxf7 Kxf7 26. Ra7+ Kg8 27. Rb7 Nh5 28. Bg5 Re8 29. Bf3 h6 30. Be3 b2 31. Nxc4 dxc4 32. Bd5+ Kh7 33. Bxc4 Rc8 34. Bd3 Rc1+ 35. Kg2 Rd1 36. Bc2 Rc1 37. Be4 Rc4 38. Kf3 Rc1 39. Bd4 Rc4 40. Bxg7 Nxg7 41. Rxb2 Rc3+ 42. Kg2 h5 43. Rb6 Kh6 44. Rxg6+ Kh7 45. Rc6+ 1-0

[Event "January 2 Early 2024"]
[Site "https://www.chess.com"]
[Date "2024.01.02"]
[Round "1"]
[White "Lesbekova, Assel"]
[Black "Tregubov, Pavel V."]
[Result "0-1"]
[Board "214"]
[TimeControl "180+1"]
[WhiteFideId "13713248"]
[BlackFideId "4115341"]
[WhiteElo "2283"]
[BlackElo "2631"]
[WhiteTeam "KGZ"]
[BlackTeam "FRA"]
[WhiteClock "0:01:11"]
[BlackClock "0:01:33"]

1. e4 c5 2. Nf3 e6 3. g3 d5 4. exd5 exd5 5. d4 Nc6 6. Bg2 Bg4 7. dxc5 Qe7+ 8. Qe2 Qxe2+ 9. Kxe2 Nd4+ 10. Kd3 Bxf3 11. Re1+ Be7 12. Bh3 Nc6 13. Bf4 Nf6 14. Bd6 Be4+ 15. Kd2 Bxd6 16. cxd6 O-O 17. Nc3 Rad8 18. d7 Nxd7 19. Nxe4 dxe4 20. Kc3 Nf6 21. Rad1 Rxd1 22. Rxd1 Rd8 23. Rxd8+ Nxd8 24. Kd4 Kf8 25. c4 Ke7 26. Bg2 Nc6+ 27. Ke3 Ne5 28. b3 Neg4+ 29. Kd4 Nxf2 30. h3 Kd6 31. g4 g5 32. c5+ Ke6 33. Bf1 Nd3 34. Bxd3 exd3 35. Kxd3 Kd5 36. b4 Nd7 37. a3 Ne5+ 0-1

[Event "January 2 Early 2024"]
[Site "https://www.chess.com"]
[Date "2024.01.02"]
[Round "1"]
[White "Sipila, Vilka"]
[Black "Antonio, Jorge Carlos"]
[Result "1-0"]
[Board "215"]
[TimeControl "180+1"]
[WhiteFideId "505455"]
[BlackFideId "113190"]
[WhiteElo "2630"]
[BlackElo "2282"]
[WhiteTeam "FIN"]
[BlackTeam "ARG"]
[WhiteClock "0:02:40"]
[BlackClock "0:02:33"]

1. e4 c6 2. d4 d5 3. e5 Bf5 4. Nf3 e6 5. Be2 c5 6. Be3 Nc6 7. O-O cxd4 8. Nxd4 Nxd4 9. Bxd4 Qc7 10. Bb5+ Kd8 11. c4 a6 12. cxd5 axb5 13. dxe6 Qc2 14. Bb6+ Ke7 15. Qd7# 1-0

[Event "January 2 Early 2024"]
[Site "https://www.chess.com"]
[Date "2024.01.02"]
[Round "1"]
[White "Coelho, Ramyres Santana"]
[Black "Poltorak, Sebastian"]
[Result "0-1"]
[Board "216"]
[TimeControl "180+1"]
[WhiteFideId "2120690"]
[BlackFideId "1199498"]
[WhiteElo "2282"]
[BlackElo "2628"]
[WhiteTeam "BRA"]
[BlackTeam "POL"]
[WhiteClock "0:00:14"]
[BlackClock "0:00:59"]

1. e4 Nc6 2. d4 d5 3. e5 Bf5 4. c3 Qd7 5. Bd3 f6 6. Nf3 fxe5 7. dxe5 Bxd3 8. Qxd3 e6 9. O-O Bc5 10. b4 Bb6 11. Nbd2 Nge7 12. Nb3 Ng6 13. Re1 O-O 14. b5 Ncxe5 15. Rxe5 Nxe5 16. Nxe5 Bxf2+ 17. Kh1 Qd6 18. Ng4 e5 19. Nxf2 Rxf2 20. Be3 Rf7 21. Bc5 Qe6 22. Rd1 c6 23. bxc6 bxc6 24. Bg1 e4 25. Qd4 Raf8 26. Nc5 Qg6 27. c4 Rd8 28. Qe5 Qf6 29. Qg3 h6 30. cxd5 Rxd5 31. Nxe4 Qf4 32. Rxd5 cxd5 33. Qxf4 Rxf4 34. Nc3 d4 35. Ne2 d3 36. Nxf4 d2 37. Bxa7 d1=Q+ 38. Bg1 Qa1 39. Nh3 Qxa2 40. Nf2 Qb1 41. h3 Kh7 42. Kh2 h5 43. Nh1 Qb8+ 44. g3 Qb2+ 45. Bf2 Qe2 46. Kg2 g5 47. Kg1 Kg6 48. Kg2 Kf6 49. Kg1 Ke6 50. Kg2 Kd5 51. g4 h4 52. Kg1 Ke4 53. Kg2 Kf4 54. Kh2 Qf1 55. Bg1 Kf3 56. Nf2 Qg2# 0-1

[Event "January 2 Early 2024"]
[Site "https://www.chess.com"]
[Date "2024.01.02"]
[Round "1"]
[White "Djokic, Mihailo"]
[Black "Cardozo Munar, Carlos Eduardo"]
[Result "1-0"]
[Board "217"]
[TimeControl "180+1"]
[WhiteFideId "976440"]
[BlackFideId "4409477"]
[WhiteElo "2628"]
[BlackElo "2282"]
[WhiteTeam "SRB"]
[BlackTeam "COL"]
[WhiteClock "0:00:36"]
[BlackClock "0:00:00"]

1. e4 e6 2. d4 d5 3. Nc3 Nf6 4. Bg5 Be7 5. e5 Nfd7 6. h4 Bxg5 7. hxg5 Qxg5 8. Qd3 g6 9. Nf3 Qe7 10. O-O-O a6 11. Qe3 c5 12. dxc5 Qxc5 13. Qf4 Nc6 14. Rd2 b5 15. Bd3 Bb7 16. Rh6 Rc8 17. Re2 Nb4 18. Ng5 Nxd3+ 19. cxd3 Qe7 20. Rc2 Nc5 21. Kd2 b4 22. Ne2 b3 23. axb3 Nxb3+ 24. Kd1 Rxc2 25. Kxc2 Na5 26. Nxh7 1-0

[Event "January 2 Early 2024"]
[Site "https://www.chess.com"]
[Date "2024.01.02"]
[Round "1"]
[White "Tharushi, T H D Niklesha"]
[Black "Aaditya Dhingra"]
[Result "1/2-1/2"]
[Board "218"]
[TimeControl "180+1"]
[WhiteFideId "9918264"]
[BlackFideId "25678191"]
[WhiteElo "2281"]
[BlackElo "2628"]
[WhiteTeam "SRI"]
[BlackTeam "IND"]
[WhiteClock "0:00:24"]
[BlackClock "0:00:18"]

1. e4 g6 2. d4 Bg7 3. Nc3 c6 4. Nf3 d5 5. e5 h5 6. Bd3 Nh6 7. h3 Bf5 8. Be3 e6 9. Bg5 Qb6 10. Qd2 Bxd3 11. Qxd3 Qa6 12. Qd2 Nd7 13. Ne2 Nb6 14. c3 c5 15. O-O Rc8 16. b3 Nf5 17. Rac1 cxd4 18. cxd4 Kd7 19. Ng3 Bf8 20. Bf6 Bh6 21. Ng5 Rhe8 22. Nxf5 gxf5 23. f4 Bxg5 24. Bxg5 Rxc1 25. Rxc1 Rc8 26. Rxc8 Nxc8 27. a4 Qb6 28. Qd1 Qb4 29. Kh2 Ke8 30. Qxh5 Qf8 31. Bf6 Nb6 32. Qh8 Nd7 33. Qxf8+ Kxf8 34. Bh4 Kg7 35. g4 Kg6 36. Kg3 b6 37. Bd8 a6 38. h4 fxg4 39. Kxg4 b5 40. h5+ Kh6 41. a5 Nb8 42. Be7 Nc6 43. Bf8+ Kh7 44. Bc5 Nxa5 45. b4 Nc6 46. Kg5 a5 47. bxa5 Nxa5 48. Kf6 Kg8 49. h6 Nc6 50. h7+ Kxh7 51. Kxf7 b4 52. Kxe6 b3 53. Ba3 Nxd4+ 54. Kxd5 Nf5 55. Kc4 Kg6 56. Kxb3 Nd4+ 57. Kc4 Ne6 58. Bc1 Kf5 59. Kd5 Ng7 60. Kd6 Ne6 61. Ke7 Nd4 62. Be3 Ne6 63. Kf7 Nc7 64. Bb6 Ne6 65. Be3 Nc7 66. Ke7 Nd5+ 67. Kd6 Nxe3 68. e6 Kf6 69. e7 Nf5+ 70. Kd7 Nxe7 71. f5 Nxf5 1/2-1/2

[Event "January 2 Early 2024"]
[Site "https://www.chess.com"]
[Date "2024.01.02"]
[Round "1"]
[White "Golubev, Mikhail"]
[Black "Nechitaylo, Nikita"]
[Result "1-0"]
[Board "219"]
[TimeControl "180+1"]
[WhiteFideId "14100983"]
[BlackFideId "34138161"]
[WhiteElo "2625"]
[BlackElo "2277"]
[WhiteTeam "UKR"]
[BlackTeam "UKR"]
[WhiteClock "0:00:24"]
[BlackClock "0:00:00"]

1. e4 c5 2. Nf3 d6 3. d4 cxd4 4. Nxd4 Nf6 5. Nc3 Nc6 6. Bc4 e6 7. Be3 a6 8. Bb3 Qc7 9. Qe2 Bd7 10. O-O-O b5 11. f4 Nxd4 12. Bxd4 Bc6 13. Nd5 Qd8 14. Bb6 Qb8 15. Nc7+ Kd7 16. Nxa8 Bxa8 17. e5 Qxb6 18. exf6 gxf6 19. f5 Bh6+ 20. Kb1 d5 21. Qh5 Bg5 22. Qxf7+ Kd8 23. fxe6 Bc6 24. Bxd5 Kc8 25. Bxc6 Qxc6 26. Qd7+ Qxd7 27. exd7+ Kd8 28. Rd3 Rf8 29. Rhd1 Rf7 30. Rd6 a5 31. g3 Be3 32. c3 Ba7 33. Ra6 Bb6 34. Rxb6 1-0

[Event "January 2 Early 2024"]
[Site "https://www.chess.com"]
[Date "2024.01.02"]
[Round "1"]
[White "knightmareprodigy"]
[Black "Saveliev, Alexei"]
[Result "1-0"]
[Board "220"]
[TimeControl "180+1"]
[BlackFideId "24128546"]
[WhiteElo "2277"]
[BlackElo "2625"]
[BlackTeam "RUS"]
[WhiteClock "0:00:14"]
[BlackClock "0:00:02"]

1. e4 g6 2. d4 Bg7 3. Nc3 d6 4. Be3 Nc6 5. Qd2 e5 6. d5 Nce7 7. h4 f5 8. f3 h5 9. O-O-O Nf6 10. Bg5 O-O 11. Nge2 b5 12. Ng3 b4 13. Na4 Bd7 14. Qxb4 Rb8 15. Qa3 fxe4 16. fxe4 Ng4 17. Re1 Qe8 18. Nc3 Nc8 19. Bd3 Rf2 20. Re2 Qf7 21. Kb1 Kh7 22. b3 Qf8 23. Rd1 Rb7 24. Ba6 Rb6 25. Bxc8 Qxc8 26. Rxf2 Nxf2 27. Rf1 Ng4 28. Qc1 Qa6 29. Rf7 Qc8 30. Qf1 Be8 31. Re7 Kg8 32. Qc4 Rb7 33. Re6 Bf8 34. Be7 Bf7 35. Bxf8 Bxe6 36. dxe6 Kxf8 37. Nd5 Qxe6 38. Qc6 Rb8 39. Qxc7 Rc8 40. Qh7 Nf6 41. Qxg6 Qg4 42. Qxf6+ Kg8 43. Nf5 Qd1+ 44. Kb2 Qxc2+ 45. Ka3 Qc1+ 46. Ka4 Qc6+ 47. Ka3 Qc1+ 48. Ka4 Qc6+ 49. Kb4 Rb8+ 50. Ka3 Qc1+ 51. Ka4 Qc6+ 52. Ka3 Qa6+ 53. Kb2 Qe2+ 54. Kc3 Rc8+ 55. Kb4 Qd2+ 56. Kb5 a6+ 57. Kxa6 Qd3+ 58. Ka7 Qd4+ 59. Nxd4 exd4 60. Ne7+ Kh7 1-0

[Event "January 2 Early 2024"]
[Site "https://www.chess.com"]
[Date "2024.01.02"]
[Round "1"]
[White "Povshednyi, Ivan"]
[Black "Monpeurt, Cyrielle"]
[Result "1-0"]
[Board "221"]
[TimeControl "180+1"]
[WhiteFideId "14190907"]
[BlackFideId "677400"]
[WhiteElo "2625"]
[BlackElo "2276"]
[WhiteTeam "UKR"]
[BlackTeam "FRA"]
[WhiteClock "0:00:29"]
[BlackClock "0:00:15"]

1. Nf3 c5 2. g3 Nc6 3. Bg2 g6 4. c3 Bg7 5. d4 cxd4 6. cxd4 d5 7. O-O Nf6 8. Ne5 O-O 9. Nc3 a6 10. Nxc6 bxc6 11. Na4 Nd7 12. Bf4 h6 13. Rc1 g5 14. Be3 Bb7 15. Qd2 e5 16. dxe5 Nxe5 17. b3 f5 18. Nc5 Qe7 19. Bd4 Rae8 20. Bxe5 Bxe5 21. Nxb7 Qxb7 22. Rxc6 Kh7 23. Bxd5 Rd8 24. Qa5 Qb5 25. Qxb5 axb5 26. Rc5 b4 27. Bg8+ Kxg8 28. Rxe5 Rd2 29. e3 Rxa2 30. Rb5 f4 31. gxf4 gxf4 32. Rxb4 fxe3 33. fxe3 Rxf1+ 34. Kxf1 Rxh2 35. Rb7 Rb2 36. b4 h5 37. b5 h4 38. b6 h3 39. Kg1 Rb3 40. Kh2 Rxe3 41. Rc7 Rb3 42. b7 Kf8 43. Rc8+ Kg7 44. b8=Q Rxb8 45. Rxb8 1-0

[Event "January 2 Early 2024"]
[Site "https://www.chess.com"]
[Date "2024.01.02"]
[Round "1"]
[White "Deveci, Huseyin Said"]
[Black "Zavgorodniy, Sergiy"]
[Result "0-1"]
[Board "222"]
[TimeControl "180+1"]
[WhiteFideId "26322455"]
[BlackFideId "14110148"]
[WhiteElo "2276"]
[BlackElo "2624"]
[WhiteTeam "TUR"]
[BlackTeam "UKR"]
[WhiteClock "0:00:02"]
[BlackClock "0:00:15"]

1. e4 e5 2. Nf3 d6 3. d4 exd4 4. Nxd4 Nf6 5. Nc3 Be7 6. Bc4 O-O 7. O-O c6 8. Bb3 Na6 9. a3 Nc5 10. Re1 Nxb3 11. Nxb3 Re8 12. Bf4 Ng4 13. Bg3 Ne5 14. Qe2 b5 15. Nd4 Qc7 16. Nf5 Bf8 17. Rad1 g6 18. Ne3 h5 19. h3 Be6 20. f4 Nc4 21. f5 Nxe3 22. Qxe3 Bxf5 23. Qd4 Be6 24. Bxd6 Bxd6 25. Qxd6 Qb6+ 26. Kh1 Rad8 27. Qf4 Qc5 28. Qf6 Rxd1 29. Rxd1 Qe3 30. Qd4 Qxd4 31. Rxd4 Kf8 32. Kg1 Ke7 33. Kf2 h4 34. Rd2 Rh8 35. Ke3 Rh5 36. Ne2 Re5 37. Nd4 Bd7 38. Nf3 Rh5 39. Kf4 a5 40. Ne5 Be8 41. Nf3 f6 42. c3 g5+ 43. Ke3 Rh8 44. Nd4 Bd7 45. Nb3 a4 46. Nc5 Bc8 47. Rd4 Rg8 48. Nd3 g4 49. hxg4 Rxg4 50. Nf4 Rg3+ 51. Kf2 Bd7 52. Rd3 Rg4 53. Kf3 Rg5 54. Kf2 Be8 55. Re3 Bf7 56. Nd3 Bc4 57. Nf4 Rg4 58. Kf3 Rg5 59. Kf2 Bb3 60. Kf3 Bd1+ 61. Kf2 Rg4 62. Nd3 Bc2 63. Nc5 Bb1 64. e5 f5 65. e6 Rc4 66. Na6 Re4 67. Rxe4 Bxe4 68. Nc5 Bd5 69. Ke3 Kd6 70. e7 Kxe7 71. Kf4 Bxg2 72. Nd3 h3 73. Kg3 Kf6 74. Nf4 Ke5 75. Nd3+ Ke4 76. Nb4 f4+ 77. Kh2 f3 78. Nxc6 f2 79. Nd4 f1=Q 80. Nf3 Qxf3 0-1

[Event "January 2 Early 2024"]
[Site "https://www.chess.com"]
[Date "2024.01.02"]
[Round "1"]
[White "Antunez Soler, Luis"]
[Black "Minina, Veronika"]
[Result "1-0"]
[Board "223"]
[TimeControl "180+1"]
[WhiteFideId "3513335"]
[BlackFideId "4174780"]
[WhiteElo "2624"]
[BlackElo "2273"]
[WhiteTeam "CUB"]
[BlackTeam "RUS"]
[WhiteClock "0:00:26"]
[BlackClock "0:00:00"]

1. e4 c5 2. Nf3 Nc6 3. Bb5 e6 4. c3 Nge7 5. d4 d5 6. e5 a6 7. Bd3 Qb6 8. dxc5 Qxc5 9. b4 Qb6 10. Na3 Qc7 11. Qe2 Ng6 12. Bxg6 hxg6 13. O-O Be7 14. b5 Na5 15. Rb1 Bd7 16. bxa6 Rxa6 17. Nd4 O-O 18. Nab5 Bxb5 19. Qxb5 Qxc3 20. Be3 Qc4 21. Qd7 Ba3 22. Nb5 Qc6 23. Qxc6 Nxc6 24. Nxa3 Rxa3 25. Bc5 Rxa2 26. Bxf8 Kxf8 27. Rxb7 Nxe5 28. Rc1 Kg8 29. h3 g5 30. Rc8+ Kh7 31. Rd8 Kg6 32. Rb3 Ra1+ 33. Kh2 Ra2 34. Kg3 Kf6 35. Rdb8 Ra4 36. R8b4 Ra2 37. f4 gxf4+ 38. Rxf4+ Kg6 39. Rf2 Ra4 40. Rb7 Re4 41. Kh2 Re2 42. Rxe2 1-0

[Event "January 2 Early 2024"]
[Site "https://www.chess.com"]
[Date "2024.01.02"]
[Round "1"]
[White "Lopez Del Alamo, Antonio"]
[Black "Jain Kashish Manoj"]
[Result "0-1"]
[Board "224"]
[TimeControl "180+1"]
[WhiteFideId "2227339"]
[BlackFideId "35081098"]
[WhiteElo "2272"]
[BlackElo "2621"]
[WhiteTeam "ESP"]
[BlackTeam "IND"]
[WhiteClock "0:00:01"]
[BlackClock "0:00:07"]

1. e4 c5 2. Nf3 a6 3. b3 b5 4. Bb2 Bb7 5. d3 d6 6. a4 e5 7. Nc3 b4 8. Ne2 g6 9. Nd2 Bg7 10. f4 Nc6 11. Nc4 Nge7 12. Qd2 O-O 13. O-O-O a5 14. h4 h5 15. g4 hxg4 16. f5 gxf5 17. exf5 Nxf5 18. Kb1 Ncd4 19. Nxd4 Nxd4 20. Bg2 Nf3 21. Qe2 f5 22. Nd2 Nxd2+ 23. Rxd2 Bxg2 24. Qxg2 Bh6 25. Rf2 Qd7 26. Rhf1 Kh7 27. Qd5 Rae8 28. h5 g3 29. Rg2 f4 30. Bc1 Rf5 31. Qe4 d5 32. Qf3 e4 33. dxe4 dxe4 34. Qg4 Rg8 35. Qh3 Qf7 36. Bb2 Rxh5 37. Rh1 Rxh3 38. Rxh3 f3 39. Bc1 fxg2 40. Rxh6+ Kg7 41. Rc6 g1=Q 42. Ka2 Qxc1 43. Rxc5 Qf6 44. c3 Qfxc3 45. Rg5+ Qxg5 0-1